PAAA
CALGARY LYNX @ ROYSE CITY TARGARYENS
07/11/2026
 
TOP OF THE 1ST
Calgary Lynx batting - Pitching for Royse City Targaryens : RHP Edgar Lankford
Pitching: RHP Edgar Lankford
Batting: RHB Logan Namajunas 0-0: Called Strike
0-1: Called Strike
0-2: Foul Ball, location: 2F
0-2: Ball
1-2: Ball
2-2: Ball
3-2: Fly out, F7 (Flyball, 78S)
Batting: LHB Tom Cotton 0-0: Ball
1-0: Called Strike
1-1: Fly out, F7 (Flyball, 7S)
Batting: RHB Jesús Martínez 0-0: Ball
1-0: Foul Ball, location: 2F
1-1: Ball
2-1: Foul Ball, location: 2F
2-2: Ball
3-2: Strikes out swinging
Top of the 1st over - 0 run(s), 0 hit(s), 0 error(s), 0 left on base; Calgary 0 - Royse City 0
BOTTOM OF THE 1ST
Royse City Targaryens batting - Pitching for Calgary Lynx : RHP Juan López
Pitching: RHP Juan López
Batting: LHB Cisco Padilla 0-0: Ground out 5-3 (Groundball, 5D)
Batting: LHB José Vargas 0-0: Swinging Strike
0-1: Ball
1-1: Foul Ball, location: 2F
1-2: Ball
2-2: Ball
3-2: Strikes out swinging
Batting: RHB Tomás Martínez 0-0: Called Strike
0-1: Foul Ball, location: 2F
0-2: Ball
1-2: Foul Ball, location: 2F
1-2: Strikes out swinging
Bottom of the 1st over - 0 run(s), 0 hit(s), 0 error(s), 0 left on base; Calgary 0 - Royse City 0
TOP OF THE 2ND
Calgary Lynx batting - Pitching for Royse City Targaryens : RHP Edgar Lankford
Batting: RHB Gonzalo Sánchez 0-0: Ball
1-0: Ball
2-0: Ball
3-0: Base on Balls
Batting: LHB Wilson Horton 0-0: Ball
1-0: Called Strike
1-1: Swinging Strike
1-2: Strikes out swinging
Batting: SHB Lowell Moon 0-0: Ball
1-0: Called Strike
1-1: Called Strike
1-2: Foul Ball, location: 2F
1-2: Ball
Wild Pitch!
Gonzalo Sánchez to second
2-2: Foul Ball, location: 2F
2-2: Ball
3-2: Strikes out swinging
Batting: RHB Bass Reeves 0-0: Ball
1-0: Ball
2-0: SINGLE (Groundball, 6MD)
Gonzalo Sánchez to third
Runner from 3rd tries for Home, SAFE, no throw
Batting: RHB Chris Woodruff 0-0: Called Strike
0-1: Ball
1-1: Swinging Strike
1-2: Strikes out swinging
Top of the 2nd over - 1 run(s), 1 hit(s), 0 error(s), 1 left on base; Calgary 1 - Royse City 0
BOTTOM OF THE 2ND
Royse City Targaryens batting - Pitching for Calgary Lynx : RHP Juan López
Batting: RHB Javier Rivera 0-0: Foul Ball, location: 2F
0-1: Swinging Strike
0-2: Ball
1-2: Fly out, F8 (Flyball, 8LM)
Batting: LHB Jon Baxter 0-0: Ball
1-0: Ground out 4-3 (Groundball, 4)
Batting: RHB José Cruz 0-0: Ball
1-0: Called Strike
1-1: Ball
2-1: SINGLE (Line Drive, 56D)
Batting: RHB Bruce Ingilby 0-0: Called Strike
0-1: Foul Ball, location: 2F
0-2: Ball
1-2: Foul Ball, location: 2F
1-2: Foul Ball, location: 2F
1-2: Ball
2-2: Fly out, F9 (Flyball, 9LM)
Bottom of the 2nd over - 0 run(s), 1 hit(s), 0 error(s), 1 left on base; Calgary 1 - Royse City 0
TOP OF THE 3RD
Calgary Lynx batting - Pitching for Royse City Targaryens : RHP Edgar Lankford
Batting: RHB Mario Pińa 0-0: Foul Ball, location: 2F
0-1: Ball
1-1: Foul Ball, location: 2F
1-2: Ball
2-2: Fly out, F8 (Flyball, 8RS)
Batting: RHB Logan Namajunas 0-0: Called Strike
0-1: Ball
1-1: Foul Ball, location: 2F
1-2: Fly out, F9 (Line Drive, 9)
Batting: LHB Tom Cotton 0-0: Ball
1-0: Swinging Strike
1-1: Foul Ball, location: 2F
1-2: Ball
2-2: SINGLE (Line Drive, 56D)
Batting: RHB Jesús Martínez 0-0: Foul Ball, location: 2F
0-1: Fly out, F7 (Flyball, 7S)
Top of the 3rd over - 0 run(s), 1 hit(s), 0 error(s), 1 left on base; Calgary 1 - Royse City 0
BOTTOM OF THE 3RD
Royse City Targaryens batting - Pitching for Calgary Lynx : RHP Juan López
Batting: RHB Javier Chávez 0-0: Ball
1-0: SINGLE (Groundball, 34D)
Batting: LHB Jorge Garza 0-0: Foul Ball, location: 2F
0-1: Ball
1-1: Foul Ball, location: 2F
1-2: Ball
Javier Chávez steals 2nd base
2-2: Ball
3-2: Foul Ball, location: 2F
3-2: Base on Balls
Batting: LHB Cisco Padilla 0-0: Ball
1-0: Ball
2-0: DOUBLE (Line Drive, 89XD)
Javier Chávez scores
Jorge Garza to third
Runner from 3rd tries for Home, SAFE, no throw
Batting: LHB José Vargas 0-0: Called Strike
0-1: Ball
1-1: Ball
2-1: Ground out 4-3 (Groundball, 34)
Cisco Padilla to third
Batting: RHB Tomás Martínez 0-0: Called Strike
0-1: Ball
1-1: Foul Ball, location: 2F
1-2: Ball
2-2: Fly out, F9 (Flyball, 9LS)
Runner from 3rd tags up, SCORES, no throw
Batting: RHB Javier Rivera 0-0: Ball
1-0: Ball
2-0: Swinging Strike
2-1: Swinging Strike
2-2: Ball
3-2: Strikes out swinging
Bottom of the 3rd over - 3 run(s), 2 hit(s), 0 error(s), 0 left on base; Calgary 1 - Royse City 3
TOP OF THE 4TH
Calgary Lynx batting - Pitching for Royse City Targaryens : RHP Edgar Lankford
Batting: RHB Gonzalo Sánchez 0-0: Ball
1-0: SINGLE (Flyball, 8RS)
Batting: LHB Wilson Horton 0-0: SINGLE (Line Drive, 56D)
Gonzalo Sánchez to second
Batting: SHB Lowell Moon 0-0: Ball
1-0: Ball
2-0: Swinging Strike
2-1: Swinging Strike
2-2: Strikes out swinging
Batting: RHB Bass Reeves 0-0: Foul Ball, location: 2F
0-1: Foul Ball, location: 2F
0-2: Strikes out looking
Batting: RHB Chris Woodruff 0-0: Ball
Wild Pitch!
Gonzalo Sánchez to third
Wilson Horton to second
1-0: Called Strike
1-1: Ball
2-1: Called Strike
2-2: Strikes out swinging
Top of the 4th over - 0 run(s), 2 hit(s), 0 error(s), 2 left on base; Calgary 1 - Royse City 3
BOTTOM OF THE 4TH
Royse City Targaryens batting - Pitching for Calgary Lynx : RHP Juan López
Batting: LHB Jon Baxter 0-0: Called Strike
0-1: Ball
1-1: Ball
2-1: Ball
3-1: Base on Balls
Batting: RHB José Cruz 0-0: Fielders Choice at 2nd, 1-6 (Groundball, 13S)
Batting: RHB Bruce Ingilby 0-0: Called Strike
0-1: Swinging Strike
0-2: Strikes out looking
Batting: RHB Javier Chávez 0-0: TRIPLE (Line Drive, 8RXD)
José Cruz scores
Batting: LHB Jorge Garza 0-0: Ball
1-0: Swinging Strike
1-1: Ball
2-1: Ball
3-1: Foul Ball, location: 2F
3-2: Base on Balls
Batting: LHB Cisco Padilla 0-0: Ball
1-0: Ball
2-0: Ball
3-0: Base on Balls
Jorge Garza to second
Batting: LHB José Vargas 0-0: SINGLE (Groundball, 4MD)
Javier Chávez scores
Jorge Garza to third
Cisco Padilla to second
Batting: RHB Tomás Martínez 0-0: Called Strike
0-1: GRAND SLAM HOME RUN (Flyball, 78XD), Distance : 391 ft
Pitching: RHP Dave Goode
Batting: RHB Javier Rivera 0-0: Fly out, F4 (Popup, 4)
Bottom of the 4th over - 6 run(s), 3 hit(s), 0 error(s), 0 left on base; Calgary 1 - Royse City 9
TOP OF THE 5TH
Calgary Lynx batting - Pitching for Royse City Targaryens : RHP Edgar Lankford
Batting: RHB Mario Pińa 0-0: Called Strike
0-1: Called Strike
0-2: Ball
1-2: Foul Ball, location: 2F
1-2: Foul Ball, location: 2F
1-2: Ground out 3-1 (Groundball, 34)
Batting: RHB Logan Namajunas 0-0: Foul Ball, location: 2F
0-1: Foul Ball, location: 2F
0-2: Ball
1-2: Strikes out swinging
Batting: LHB Tom Cotton 0-0: Ball
1-0: Called Strike
1-1: SINGLE (Line Drive, 4D)
Batting: RHB Jesús Martínez 0-0: Ball
1-0: Foul Ball, location: 2F
1-1: SINGLE (Groundball, 34) (infield hit)
Tom Cotton to second
Batting: RHB Gonzalo Sánchez 0-0: Foul Ball, location: 2F
0-1: Ball
1-1: Fly out, F8 (Flyball, 8RS)
Top of the 5th over - 0 run(s), 2 hit(s), 0 error(s), 2 left on base; Calgary 1 - Royse City 9
BOTTOM OF THE 5TH
Royse City Targaryens batting - Pitching for Calgary Lynx : RHP Dave Goode
Batting: LHB Jon Baxter 0-0: Called Strike
0-1: Ball
1-1: SINGLE (Groundball, 4MS) (infield hit)
Batting: RHB José Cruz 0-0: Called Strike
0-1: Ball
1-1: Ball
2-1: Foul Ball, location: 2F
2-2: Ball
3-2: Fly out, F3 (Popup, 3L)
Batting: RHB Bruce Ingilby 0-0: Ball
1-0: Ball
Jon Baxter steals 2nd base
2-0: Ball
3-0: Base on Balls
Batting: RHB Javier Chávez 0-0: Called Strike
0-1: Foul Ball, location: 2F
0-2: Ball
1-2: Strikes out swinging
Batting: LHB Jorge Garza 0-0: Foul Ball, location: 2F
0-1: Ball
1-1: SINGLE (Line Drive, 4D)
Jon Baxter to third
Bruce Ingilby to second
Runner from 3rd tries for Home, SAFE, no throw
Batting: LHB Cisco Padilla 0-0: Ball
1-0: Ball
2-0: Foul Ball, location: 2F
2-1: Ground out 3-1 (Groundball, 34S)
Bottom of the 5th over - 1 run(s), 2 hit(s), 0 error(s), 2 left on base; Calgary 1 - Royse City 10
TOP OF THE 6TH
Calgary Lynx batting - Pitching for Royse City Targaryens : RHP Edgar Lankford
Batting: LHB Wilson Horton 0-0: Foul Ball, location: 2F
0-1: Called Strike
0-2: Foul Ball, location: 2F
0-2: Ball
1-2: Foul Ball, location: 2F
1-2: Ball
2-2: Ball
3-2: Strikes out swinging
Batting: SHB Lowell Moon 0-0: SINGLE (Groundball, 4MD)
Batting: RHB Bass Reeves 0-0: Called Strike
0-1: Swinging Strike
0-2: Strikes out looking
Batting: RHB Chris Woodruff 0-0: Called Strike
0-1: Ball
1-1: Fielders Choice at 2nd, 5-4 (Groundball, 5L)
Top of the 6th over - 0 run(s), 1 hit(s), 0 error(s), 0 left on base; Calgary 1 - Royse City 10
BOTTOM OF THE 6TH
Royse City Targaryens batting - Pitching for Calgary Lynx : RHP Dave Goode
Batting: LHB José Vargas 0-0: Called Strike
0-1: Foul Ball, location: 2F
0-2: Fly out, F8 (Flyball, 8RM)
Batting: RHB Tomás Martínez 0-0: Called Strike
0-1: Ball
1-1: Ground out 6-3 (Groundball, 6)
Batting: RHB Javier Rivera 0-0: Called Strike
0-1: SINGLE (Flyball, 7LS)
Batting: LHB Jon Baxter 0-0: Ground out 3-1 (Groundball, 34)
Bottom of the 6th over - 0 run(s), 1 hit(s), 0 error(s), 1 left on base; Calgary 1 - Royse City 10
TOP OF THE 7TH
Calgary Lynx batting - Pitching for Royse City Targaryens : RHP Edgar Lankford
Pitching: RHP Harry Mander
Batting: RHB Mario Pińa 0-0: Foul Ball, location: 2F
0-1: Ball
1-1: Fly out, F8 (Flyball, 8LM)
Batting: RHB Logan Namajunas 0-0: Ball
1-0: Ball
2-0: Ball
3-0: Base on Balls
Batting: LHB Tom Cotton 0-0: Called Strike
0-1: Called Strike
0-2: Foul Ball, location: 2F
0-2: Strikes out swinging
Batting: RHB Jesús Martínez 0-0: Ball
1-0: Ball
2-0: Ball
3-0: Called Strike
3-1: Fly out, F8 (Flyball, 8LS)
Top of the 7th over - 0 run(s), 0 hit(s), 0 error(s), 1 left on base; Calgary 1 - Royse City 10
BOTTOM OF THE 7TH
Royse City Targaryens batting - Pitching for Calgary Lynx : RHP Dave Goode
Batting: RHB José Cruz 0-0: Ball
1-0: Foul Ball, location: 2F
1-1: Ground out 5-3 (Groundball, 5L)
Batting: RHB Bruce Ingilby 0-0: Called Strike
0-1: Ball
1-1: Ball
2-1: Ball
3-1: Swinging Strike
3-2: Strikes out looking
Batting: RHB Javier Chávez 0-0: Foul Ball, location: 2F
0-1: Ball
1-1: Called Strike
1-2: Ground out 6-3 (Groundball, 6)
Bottom of the 7th over - 0 run(s), 0 hit(s), 0 error(s), 0 left on base; Calgary 1 - Royse City 10
TOP OF THE 8TH
Calgary Lynx batting - Pitching for Royse City Targaryens : RHP Harry Mander
Batting: RHB Gonzalo Sánchez 0-0: Ball
1-0: Fly out, F8 (Flyball, 8RXD)
Batting: LHB Wilson Horton 0-0: Foul Ball, location: 2F
0-1: Fly out, F8 (Flyball, 8RD)
Batting: SHB Lowell Moon 0-0: Ball
1-0: Swinging Strike
1-1: Ground out 4-3 (Groundball, 4S)
Top of the 8th over - 0 run(s), 0 hit(s), 0 error(s), 0 left on base; Calgary 1 - Royse City 10
BOTTOM OF THE 8TH
Royse City Targaryens batting - Pitching for Calgary Lynx : RHP Dave Goode
Batting: LHB Jorge Garza 0-0: Called Strike
0-1: Ball
1-1: Ground out 4-3 (Groundball, 4)
Batting: LHB Cisco Padilla 0-0: Ball
1-0: Called Strike
1-1: Called Strike
1-2: Foul Ball, location: 2F
1-2: Fly out, F3 (Popup, 34)
Batting: LHB José Vargas 0-0: Called Strike
0-1: Ball
1-1: Ball
2-1: Foul Ball, location: 2F
2-2: Ground out 4-3 (Groundball, 4)
Bottom of the 8th over - 0 run(s), 0 hit(s), 0 error(s), 0 left on base; Calgary 1 - Royse City 10
TOP OF THE 9TH
Calgary Lynx batting - Pitching for Royse City Targaryens : RHP Harry Mander
Batting: RHB Bass Reeves 0-0: Called Strike
0-1: Ball
1-1: SINGLE (Groundball, 6MD)
Batting: RHB Chris Woodruff 0-0: Ball
1-0: Called Strike
1-1: Fly out, F9 (Flyball, 9S)
Batting: RHB Mario Pińa 0-0: Ball
1-0: Ball
2-0: Called Strike
2-1: Ground out 5-3 (Groundball, 5)
Bass Reeves to second
Batting: RHB Logan Namajunas 0-0: 2-RUN HOME RUN (Flyball, 7D), Distance : 361 ft
Batting: LHB Tom Cotton 0-0: Ball
1-0: Fly out, F9 (Flyball, 89M)
Top of the 9th over - 2 run(s), 2 hit(s), 0 error(s), 0 left on base; Calgary 3 - Royse City 10
Monday, March 20th, 2017 - OOTP Baseball 17.12 Build 75